 Dungeon Crawl Stone Soup version 0.21.0 (webtiles) character file.

6475 Helmschank the Destroyer (level 10, -12/56 HPs)
             Began as a Deep Elf Wizard on Jan 6, 2018.
             Was a Follower of Vehumet.
             Mangled by a blink frog (15 damage)
             ... on level 1 of the Lair of Beasts on Jan 7, 2018.
             The game lasted 01:08:02 (13167 turns).

Helmschank the Destroyer (Deep Elf Wizard)         Turns: 13167, Time: 01:08:02

Health: -12/56     AC:  6    Str:  4    XL:     10   Next: 68%
Magic:  20/26      EV: 15    Int: 31    God:    Vehumet [*.....]
Gold:   577        SH:  5    Dex: 16    Spells: 10/29 levels left

rFire    . . .     SeeInvis .   a - +1 rapier (venom)
rCold    . . .     Gourm    .   E - +0 buckler
rNeg     . . .     Faith    .   h - +0 robe
rPois    .         Spirit   .   o - +2 hat
rElec    .         Reflect  .   (no cloak)
rCorr    .         Harm     .   j - +0 pair of gloves {Dex+3}
MR       +....                  w - +0 pair of boots
Stlth    ++........             (no amulet)
HPRegen  0.18/turn              i - ring of flight
MPRegen  0.20/turn              F - +4 ring of intelligence

@: no status effects
A: no striking features
a: Renounce Religion, Evoke Flight


You were on level 1 of the Lair of Beasts.
You worshipped Vehumet.
Vehumet was aware of your devotion.
You were not hungry.

You visited 3 branches of the dungeon, and saw 10 of its levels.
You also visited: Ossuary.

You collected 577 gold pieces.

Inventory:

Hand Weapons
 a - a +1 rapier of venom (weapon)
 b - a +0 whip of freezing
 g - a +0 falchion
 C - a +0 quarterstaff of speed
Missiles
 n - 12 poisoned needles
 D - 5 tomahawks (quivered)
 U - 264 stones
 Y - 4 tomahawks of dispersal
Armour
 h - a +0 robe (worn)
 j - a +0 pair of gloves of dexterity (worn)
 o - a +2 hat (worn)
 w - a +0 pair of boots (worn)
 E - a +0 buckler (worn)
Jewellery
 i - a ring of flight (left hand)
 F - a +4 ring of intelligence (right hand)
 I - an uncursed ring of ice
Wands
 q - a wand of digging (14)
 v - a wand of paralysis (14)
 y - a wand of disintegration (15)
 L - a wand of flame (14)
Scrolls
 k - 3 scrolls of magic mapping
 m - a scroll of immolation
 p - 2 scrolls of remove curse
 u - a scroll of teleportation
 B - a scroll of enchant armour
 G - a scroll of fog {unknown}
 J - a scroll of silence {unknown}
 K - a scroll of torment {unknown}
Potions
 e - 2 potions of lignification {unknown}
 f - 4 potions of brilliance {unknown}
 l - 6 potions of curing
 r - a potion of experience {unknown}
 s - a potion of might {unknown}
 t - 3 potions of invisibility {unknown}
 z - 5 potions of heal wounds {unknown}
 H - 2 potions of flight {unknown}
Books
 c - a book of Minor Magic

   Spells                             Type                      Level
   a - Magic Dart                     Conjuration                  1
   b - Blink                          Translocation                2
   c - Call Imp                       Summoning                    2
   d - Slow                           Hexes                        2
   e - Conjure Flame                  Conjuration/Fire             3
   f - Mephitic Cloud                 Conjuration/Poison/Air       3
 A - a book of Necromancy

   Spells                             Type                      Level
   a - Pain                           Necromancy                   1
   b - Animate Skeleton               Necromancy                   1
   c - Vampiric Draining              Necromancy                   3
   d - Regeneration                   Charms/Necromancy            3
   e - Animate Dead                   Necromancy                   4
   f - Borgnjor's Vile Clutch         Necromancy/Earth             5
Comestibles
 d - 14 rations
 x - 5 chunks of flesh


   Skills:
 - Level 3.1 Fighting
 - Level 5.0 Dodging
 - Level 2.4 Stealth
 - Level 4.0 Shields
 - Level 10.0 Spellcasting
 + Level 11.4 Conjurations
 + Level 3.7 Charms
 - Level 1.1 Summonings
 - Level 4.1 Necromancy
 - Level 1.1 Translocations
 - Level 4.3 Fire Magic
 - Level 2.7 Air Magic
 - Level 2.0 Poison Magic


You had 10 spell levels left.
You knew the following spells:

 Your Spells              Type           Power        Failure   Level  Hunger
b - Blink                 Tloc           N/A          3%          2    None
c - Mephitic Cloud        Conj/Pois/Air  #####...     1%          3    None
h - Conjure Flame         Conj/Fire      ######..     1%          3    None
q - Call Imp              Summ           ###.....     3%          2    None
r - Regeneration          Chrm/Necr      #####.....   1%          3    None
v - Vampiric Draining     Necr           #####.....   1%          3    None
x - Animate Skeleton      Necr           N/A          1%          1    None
Q - Magic Dart            Conj           ####         1%          1    None
W - Pain                  Necr           ####         1%          1    None


Dungeon Overview and Level Annotations

Branches:
Dungeon (8/15)             Temple (1/1) D:7            Lair (1/6) D:8

Altars:
Ashenzari
Cheibriados
Dithmenos
Elyvilon
Fedhas
Gozag
Hepliaklqana
Kikubaaqudgha
Makhleb
Nemelex Xobeh
Okawaru
Qazlal
Ru
Sif Muna
Uskayaw
Vehumet
Wu Jian
Xom
Yredelemnul

Shops:
D:4 %   D:7 ([(

Annotations:
Lair:1 exclusion: oklob plant


Message History

The blink frog blinks!
You take 5 damage, and have 23/56 hp.
Unknown command.
You swap places.
The blink frog hits your yak skeleton!
The blink frog blinks!
The blink frog hits you!!
* * * LOW HITPOINT WARNING * * *
The blink frog blinks!
You take 20 damage, and have 3/56 hp.
MASSIVE DAMAGE!!
The blink frog blinks! x4
Casting: Magic Dart
Confirm with . or Enter, or press ? or * to list all spells.
Aiming: Mephitic Cloud
Press: ? - help, Shift-Dir - straight line, p - blink frog The ball explodes into a vile cloud!
The stinking cloud engulfs the blink frog. x2
The blink frog is almost dead.
You hear a loud, deep croak!
The blink frog is engulfed in noxious fumes.
The blink frog appears confused.
The blink frog hits you!
You die...

... ##........##. ..
#.....⌠.....# #.##
##......##...##
#.F####...######....##
#..#.#....###.###....##
##.F#....##....###.....
#.'F.§................
#..F.Z..§F.....⌠.....⌠
#.+..@F§§§............
#####..§§.#...###...#.
#.....########...##
###...##.####.....#
##......##...###.
#.....⌠....##...
####........##...#
#.......>..#....##
#.......##....##


You could see 6 blink frogs and a friendly yak skeleton.

Vanquished Creatures
  Pikel (D:4)
  Joseph (D:7)
  A rime drake (Lair:1)
  Eustachio (D:4)
  2 yaks (Lair:1)
  3 water moccasins
  The ghost of Shandreya the Gusty, an amateur TeAE (D:3)
  An orc warrior (D:6)
  5 porcupines
  A black bear (D:8)
  An ice beast (D:6)
  3 phantoms
  2 ogres
  3 wolves (D:8)
  3 crocodiles
  A centaur (D:6)
  6 bullfrogs
  An elf zombie (D:5)
  An elf skeleton (D:5)
  A gnoll sergeant (D:8)
  2 scorpions (D:4)
  3 killer bees (D:6)
  4 wights
  4 howler monkeys
  4 crimson imps
  3 jellies (D:5)
  2 orc priests (D:7)
  A hound (D:6)
  A centaur zombie (D:7)
  2 bullfrog skeletons (D:7)
  A centaur skeleton (D:6)
  5 orc wizards
  2 human skeletons (D:5)
  An iguana (D:6)
  6 worker ants
  A hound zombie (D:2)
  2 hound skeletons
  Robin (D:4)
  7 adders
  14 gnolls
  2 shadow imps
  2 oozes (D:2)
  An adder zombie (D:6)
  3 worms
  4 dart slugs
  8 leopard geckos
  31 orcs
  4 bats
  3 giant cockroaches
  15 goblins
  7 hobgoblins
  10 jackals
  3 kobolds
  2 quokkas
  7 frilled lizards
  A leopard gecko skeleton (D:6)
  2 orc skeletons (D:5)
  A quokka skeleton (D:4)
  4 rats (D:3)
215 creatures vanquished.

Vanquished Creatures (collateral kills)
  A komodo dragon (Lair:1)
  A hippogriff (Lair:1)
  2 yaks (Lair:1)
  A porcupine (Lair:1)
  A sky beast (D:8)
  A wolf (D:8)
  2 crocodiles
  2 bullfrogs
  A scorpion (D:6)
  A howler monkey (D:8)
  A gnoll (D:4)
14 creatures vanquished.

Vanquished Creatures (others)
  A slave (D:4)
  2 plants (Lair:1)
3 creatures vanquished.

Grand Total: 232 creatures vanquished

Notes
Turn   | Place    | Note
-------+----------+-------------------------------------------
     0 | D:1      | Helmschank the Deep Elf Wizard began the quest for the Orb.
     0 | D:1      | Reached XP level 1. HP: 10/10 MP: 7/7
    78 | D:1      | Reached XP level 2. HP: 15/15 MP: 0/9
   213 | D:1      | Learned a level 2 spell: Blink
   216 | D:1      | Learned a level 2 spell: Call Imp
  1090 | D:2      | Reached skill level 5 in Spellcasting
  1090 | D:2      | Reached skill level 2 in Conjurations
  1163 | D:2      | Reached XP level 3. HP: 8/19 MP: 0/11
  1469 | D:2      | Learned a level 3 spell: Mephitic Cloud
  1610 | D:2      | Found a faded altar of an unknown god.
  1749 | D:2      | Found a sacrificial altar of Ru.
  1771 | D:2      | Reached skill level 1 in Poison Magic
  2101 | D:2      | Reached XP level 4. HP: 24/24 MP: 9/13
  2106 | D:2      | Learned a level 3 spell: Conjure Flame
  2578 | D:3      | Reached skill level 1 in Air Magic
  2689 | D:3      | Reached skill level 3 in Conjurations
  2798 | D:3      | Found an ancient bone altar of Kikubaaqudgha.
  2817 | D:3      | Reached XP level 5. HP: 24/28 MP: 8/14
  3101 | D:3      | Noticed Shandreya's ghost (amateur TeAE)
  3126 | D:3      | Noticed a phantom
  3325 | D:3      | Killed a phantom
  3551 | D:3      | Reached skill level 4 in Conjurations
  3595 | D:3      | Reached XP level 6. HP: 33/33 MP: 8/15
  3835 | D:3      | Killed Shandreya's ghost
  3835 | D:3      | Reached skill level 1 in Fighting
  3983 | D:3      | Found a stormy altar of Qazlal.
  4137 | D:4      | Reached skill level 5 in Conjurations
  4306 | D:4      | Found a sparkling altar of Nemelex Xobeh.
  4321 | D:4      | Reached skill level 1 in Fire Magic
  4446 | D:4      | Found Ehiph's Food Shop.
  4486 | D:4      | Noticed Robin
  4716 | D:4      | Reached XP level 7. HP: 38/38 MP: 7/17
  5093 | D:4      | Killed Robin
  5154 | D:4      | Noticed Eustachio
  5501 | D:4      | Killed Eustachio
  5548 | D:4      | Found a shimmering altar of Xom.
  5643 | D:4      | Noticed Pikel
  5652 | D:4      | Killed Pikel
  5652 | D:4      | Reached skill level 5 in Dodging
  5652 | D:4      | Reached skill level 6 in Conjurations
  5652 | D:4      | Reached XP level 8. HP: 43/43 MP: 10/19
  6085 | D:4      | Reached skill level 7 in Conjurations
  6165 | D:5      | Entered Level 5 of the Dungeon
  6423 | D:5      | Found a basalt altar of Yredelemnul.
  6493 | D:5      | Found a white marble altar of Elyvilon.
  6624 | D:5      | Found a sand-covered staircase.
  6674 | Ossuary  | Entered an ossuary
  6942 | D:5      | Reached skill level 8 in Conjurations
  7306 | D:6      | Reached XP level 9. HP: 47/47 MP: 15/23
  7314 | D:6      | Reached skill level 9 in Conjurations
  7785 | D:6      | Found a snail-covered altar of Cheibriados.
  8524 | D:7      | Noticed Joseph
  8722 | D:7      | Reached skill level 10 in Conjurations
  9243 | D:7      | Found Uhio's Antique Armour Emporium.
  9246 | D:7      | Found Ejut Eru Peh's Antique Weapon Shoppe.
 10465 | D:7      | Found Dupia's Antique Weapon Emporium.
 10476 | D:7      | Learned a level 1 spell: Pain
 10524 | D:7      | Killed Joseph
 10535 | D:7      | Learned a level 3 spell: Regeneration
 10537 | D:7      | Learned a level 1 spell: Animate Skeleton
 10868 | D:7      | Learned a level 3 spell: Vampiric Draining
 10954 | D:7      | Found a staircase to the Ecumenical Temple.
 10965 | Temple   | Entered the Ecumenical Temple
 10977 | Temple   | Became a worshipper of Vehumet
 11322 | D:8      | Reached skill level 11 in Conjurations
 11383 | D:8      | Found a burning altar of Makhleb.
 11393 | D:8      | Found a shadowy altar of Dithmenos.
 11412 | D:8      | Found an iron altar of Okawaru.
 11492 | D:8      | Reached skill level 1 in Shields
 11492 | D:8      | Reached XP level 10. HP: 50/56 MP: 19/24
 12268 | D:8      | Found a staircase to the Lair.
 12418 | D:8      | Found a sacrificial altar of Ru.
 12489 | Lair:1   | Entered Level 1 of the Lair of Beasts
 12538 | Lair:1   | Reached * piety under Vehumet
 12538 | Lair:1   | Offered knowledge of Shock by Vehumet.
 12698 | Lair:1   | Noticed an oklob plant
 12850 | Lair:1   | Reached skill level 10 in Spellcasting
 13167 | Lair:1   | Mangled by a blink frog

Skill      XL: |  1  2  3  4  5  6  7  8  9 10 |
---------------+-------------------------------+-----
Dodging        | 3 5 |  5.0
Spellcasting   | 5 6 8 10 | 10.0
Conjurations   | 2 3 4 5 6 8 11 | 11.4
Poison Magic   | 2 |  2.0
Air Magic      | 1 2 |  2.7
Fighting       | 1 3 |  3.1
Fire Magic     | 1 4 |  4.3
Necromancy     | 4 |  4.1
Shields        | 1 4 |  4.0
Charms         | 3 |  3.7
Stealth        | |  2.4
Summonings     | |  1.1
Translocations | |  1.1

Action                   |  1- 3 |  4- 6 |  7- 9 | 10-12 || total
-------------------------+-------+-------+-------+-------++-------
Melee: Short sword       |     2 |    24 |       |       ||    26
       Rapier            |       |       |    54 |    53 ||   107
Throw: Stone             |     2 |    10 |    13 |     6 ||    31
       Tomahawk          |       |     3 |    15 |     5 ||    23
 Cast: Magic Dart        |   109 |   167 |   518 |   112 ||   906
       Mephitic Cloud    |       |     5 |    39 |    24 ||    68
       Conjure Flame     |       |     2 |     9 |     1 ||    12
       Blink             |       |     1 |     7 |     3 ||    11
       Animate Skeleton  |       |       |     6 |    16 ||    22
       Pain              |       |       |     6 |       ||     6
       Vampiric Draining |       |       |       |     3 ||     3
       Regeneration      |       |       |       |     1 ||     1
Evoke: Wand              |       |       |     6 |       ||     6
  Use: Scroll            |       |       |     9 |     1 ||    10
 Stab: Distracted        |       |     1 |       |       ||     1
       Confused          |       |       |     2 |     3 ||     5
  Eat: Chunk             |     3 |     7 |    12 |     5 ||    27
       Ration            |       |     1 |     2 |       ||     3
Armor: Robe              |     6 |    12 |    28 |     8 ||    54
Dodge: Dodged            |    24 |    33 |    93 |    41 ||   191
Block: Buckler           |       |       |     1 |    14 ||    15
